 Dungeon Crawl Stone Soup version 0.25-a0-86-ga6f17ae7d4 (webtiles) character file.

Game seed: 11050912524006764067, levelgen mode: deterministic

44 D1HalberdGnoll the Poker (level 3, -2/28 HPs)
             Began as a Merfolk Skald on Nov 9, 2019.
             Slain by a crimson imp (3 damage)
             ... summoned by Natasha
             ... on level 2 of the Dungeon.
             The game lasted 00:01:36 (2197 turns).

D1HalberdGnoll the Poker (Merfolk Skald)            Turns: 2197, Time: 00:01:36

Health: -2/28      AC:  3    Str: 12    XL:     3   Next: 60%
Magic:  6/6        EV: 10    Int: 12    God:
Gold:   107        SH:  7    Dex: 13    Spells: 5/6 levels left

rFire    . . .     SeeInvis .   a - +0 spear
rCold    . . .     Gourm    .   c - +0 shield
rNeg     . . .     Faith    .   b - +0 leather armour
rPois    .         Spirit   .   (no helmet)
rElec    .         Reflect  .   (no cloak)
rCorr    .         Harm     .   (no gloves)
MR       .....                  (no boots)
Stlth    +.........             (no amulet)
HPRegen  0.09/turn              (no ring)
MPRegen  0.10/turn              (no ring)

@: no status effects
A: change form in water, swift swim, stealthy swim
a: no special abilities


You were on level 2 of the Dungeon.
You were very hungry.

You visited 1 branch of the dungeon, and saw 2 of its levels.

You collected 107 gold pieces.

Inventory:

Hand Weapons
 a - a +0 spear (weapon)
Armour
 b - a +0 leather armour (worn)
 c - a +0 shield (worn)
 n - a +1 helmet
Jewellery
 j - a +5 amulet of reflection {unknown}
Scrolls
 h - a scroll of blinking {unknown}
 k - a scroll of enchant armour {unknown}
 l - a scroll of remove curse {unknown}
 m - a scroll of magic mapping {unknown}
Potions
 e - a potion of haste {unknown}
 f - a potion of lignification {unknown}
 g - a potion of magic {unknown}
 i - 4 potions of curing
Comestibles
 d - 2 rations


   Skills:
 + Level 2.7 Fighting
 * Level 4.3 Polearms
 - Level 0.6 Armour
 + Level 3.3 Dodging
 + Level 1.0 Shields
 - Level 2.0 Spellcasting
 - Level 3.2 Charms


You had 5 spell levels left.
You knew the following spells:

 Your Spells              Type           Power        Failure   Level  Hunger
a - Infusion              Chrm           #...         50%         1    ##.....

Your spell library contained the following spells:

 Spells                   Type           Power        Failure   Level  Hunger
 Song of Slaying          Chrm           #.......     63%         2    ###....
 Shroud of Golubria       Chrm/Tloc      #.....       86%         2    ###....
 Regeneration             Chrm/Necr      #.........   97%         3    ####...
 Spectral Weapon          Hex/Chrm       #.......     97%         3    ####...


Dungeon Overview and Level Annotations

Branches:
Dungeon (2/15)

Altars:
Elyvilon
Fedhas
Kikubaaqudgha
Wu Jian

Annotations:
D:2 Natasha


Message History

Natasha is moderately wounded.
The white imp shouts, "Beg for mercy, thou yeasty sow-suckled snaffler!"
The white imp gestures at you. The puff of frost hits you!
* * * LOW HITPOINT WARNING * * *
Natasha mumbles some strange words.
The crimson imp hits you but does no damage.
Evoke which item? (* to show all) (? for menu, Esc to quit)
Okay, then.
It was a potion of curing.
You feel better. The white imp hits you.
* * * LOW HITPOINT WARNING * * *
The white imp freezes you.
* * * LOW HITPOINT WARNING * * *
The white imp hits you.
* * * LOW HITPOINT WARNING * * *
The white imp freezes you.
* * * LOW HITPOINT WARNING * * *
Natasha mewls in sadness.
You block Natasha's attack. The crimson imp hits you.
You die...

#.#
♣♣..≈≈≈≈≈..♣♣
#.# #.#
♣...≈≈≈...♣
#.# ## #.#
♣♣.......♣♣
#.# .# #.#
♣♣.....♣♣ ###
.# #.#
♣♣...♣♣ .#
#.# ♣♣.....♣♣
.###÷#
♣.......♣♣
.....#
♣...≈≈≈.5.♣#
.###.#
#...≈≈≈≈5@5.#
.# ###
#...≈≈♣≈≈h..#
.#
#...≈≈≈≈≈...#
.#
#....≈≈≈....#
.#
.#.......#.#
.#
#.......#.#
##
####....#.#
######.#


You could see Natasha, a crimson imp and 2 white imps.

Vanquished Creatures
  An adder (D:2)
  A dart slug (D:1)
  2 bats (D:1)
  3 giant cockroaches
  3 hobgoblins
  11 jackals
  A quokka (D:2)
  2 frilled lizards
  3 kobolds (D:1)
  A rat (D:2)
28 creatures vanquished.

Notes
Turn   | Place    | Note
-------+----------+-------------------------------------------
     0 | D:1      | D1HalberdGnoll the Merfolk Skald began the quest for the
                  | Orb.
     0 | D:1      | Reached XP level 1. HP: 16/16 MP: 3/3
   278 | D:1      | Reached XP level 2. HP: 18/23 MP: 5/5
  1125 | D:2      | Found an ancient bone altar of Kikubaaqudgha.
  1125 | D:2      | Found a blossoming altar of Fedhas.
  1208 | D:2      | Reached XP level 3. HP: 24/28 MP: 6/6
  1217 | D:2      | Reached skill level 4 in Polearms
  1509 | D:2      | Found an ornate altar of the Wu Jian Council.
  1596 | D:2      | Reached skill level 1 in Shields
  2177 | D:2      | Found a white marble altar of Elyvilon.
  2189 | D:2      | Noticed Natasha
  2197 | D:2      | HP: 1/28 [white imp[Natasha] (3)]
  2197 | D:2      | Slain by a crimson imp

Levels and vault maps discovered:
D:1:      dpeg_arrival_shrine, layout_basic, st_stairs_10
D:2:      layout_basic, grunt_temple_overflow_growth_and_decay,
          overflow_temple_1_default, elyvilon_altar_3, uniq_natasha

Skill      XL: |  1  2  3 |
---------------+----------+-----
Dodging        | 3 |  3.3
Polearms       | 4 |  4.3
Shields        | 1 |  1.0
Fighting       | |  2.7
Armour         | |  0.6
Spellcasting   | |  2.0
Charms         | |  3.2

Action                   || total
-------------------------++-------
Melee: Spear             ||   140
  Use: Potion            ||     1
  Eat: Chunk             ||     3
Armor: Leather armour    ||    29
Dodge: Dodged            ||    62
Block: Shield            ||    47

Table legend:
 A = Non-vault XP
 B = Vault XP
 C = Vault XP percentage of total XP
 D = Non-vault monster count
 E = Vault monster count
 F = Vault count percentage of total count
                 A         B        C        D         E       F
            +---------+---------+-------+---------+---------+-------
      Total |      56 |       7 |  11.1 |      25 |       3 |  10.7
            +---------+---------+-------+---------+---------+-------
        D:1 |      21 |       7 |  25.0 |      12 |       3 |  20.0
        D:2 |      35 |       0 |   0.0 |      13 |       0 |   0.0
            +---------+---------+-------+---------+---------+-------
